 Dungeon Crawl Stone Soup version 0.22-a0-422-g9628fc8 (webtiles) character file.

200 Gorice the Skirmisher (level 5, -3/36 HPs)
             Began as a Deep Elf Wanderer on May 16, 2018.
             Killed from afar by an orc wizard (5 damage)
             ... with a puff of frost
             ... on level 3 of the Dungeon.
             The game lasted 00:09:28 (3391 turns).

Gorice the Skirmisher (Deep Elf Wanderer)           Turns: 3391, Time: 00:09:28

Health: -3/36      AC:  6    Str:  8    XL:     5   Next: 48%
Magic:  7/7        EV: 12    Int: 17    God:
Gold:   157        SH:  0    Dex: 16    Spells: 4/4 levels left

rFire    + . .     SeeInvis .   a - +3 short sword
rCold    . . .     Gourm    .   (no shield)
rNeg     . . .     Faith    .   e - +1 ring mail {rF+}
rPois    .         Spirit   .   (no helmet)
rElec    .         Reflect  .   (no cloak)
rCorr    .         Harm     .   (no gloves)
MR       .....                  (no boots)
Stlth    +.........             (no amulet)
HPRegen  0.12/turn              (no ring)
MPRegen  0.10/turn              (no ring)

@: no status effects
A: no striking features
a: no special abilities


You were on level 3 of the Dungeon.
You were not hungry.

You visited 1 branch of the dungeon, and saw 3 of its levels.

You collected 157 gold pieces.

Inventory:

Hand Weapons
 a - a +3 short sword (weapon)
 b - a +0 hunting sling
Missiles
 q - 4 sling bullets
 Y - 289 stones (quivered)
Armour
 c - a +0 robe
 e - a +1 ring mail of fire resistance (worn)
   (You found it on level 1 of the Dungeon)
 j - a +2 shield
Scrolls
 k - 2 scrolls of enchant weapon
 l - a scroll of remove curse
 o - a scroll of magic mapping {unknown}
 p - 4 scrolls of teleportation {!r}
Potions
 f - 2 potions of curing
 g - 2 potions of haste {unknown}
 h - 3 potions of might {!q}
 i - a potion of heal wounds {unknown}
 m - a potion of degeneration {unknown}
Comestibles
 d - 9 rations
 n - a chunk of flesh


   Skills:
 + Level 5.9 Fighting
 - Level 2.0 Short Blades
 + Level 4.4 Dodging
 - Level 1.2 Stealth
   Level 1.1 Evocations


You had 4 spell levels left.
You didn't know any spells.
Your spell library was empty.

Dungeon Overview and Level Annotations

Branches:
Dungeon (3/15)

Altars:
Dithmenos
Makhleb
Trog
Yredelemnul


Message History

The orc wizard seems to speed up.
Firing (i - inventory. (/) - cycle)
q - 8 sling bullets (quivered)
Press: ? - help, Shift-Dir - straight line, f - orc
Aim: an orc, wielding a mace of holy wrath You shoot a sling bullet.
The sling bullet closely misses the orc wizard.
The sling bullet closely misses the orc.
Firing (i - inventory. (/) - cycle)
q - 7 sling bullets (quivered)
Press: ? - help, Shift-Dir - straight line, f/p - orc
Aim: an orc, wielding a mace of holy wrath You shoot a sling bullet.
The sling bullet hits the orc.
The orc is almost dead.
The orc wizard gestures at you while chanting.
The magic dart hits you!
Damage: 9 (max 9) Firing (i - inventory. (/) - cycle)
q - 6 sling bullets (quivered)
Press: ? - help, Shift-Dir - straight line, f - orc wizard, p - orc
Aim: an orc wizard, wielding a dagger and wearing a robe (fast)
You shoot a sling bullet. The sling bullet hits the orc wizard.
The orc wizard is moderately wounded.
Firing (i - inventory. (/) - cycle)
q - 5 sling bullets (quivered)
Press: ? - help, Shift-Dir - straight line, f/p - orc wizard
Aim: an orc wizard, wielding a dagger and wearing a robe (moderately wounded, fast)
You shoot a sling bullet.
The sling bullet closely misses the orc wizard.
The orc wizard points at you and mumbles some strange words.
The magic dart hits you!
Damage: 7 (max 9) Unknown command.
a - a +3 short sword (weapon)
The orc wizard misses you.
An orc priest comes into view. It is wielding a falchion of freezing.
You miss the orc wizard.
The orc wizard is moderately wounded.
The orc wizard points at you and mumbles some strange words.
The puff of flame hits you! You resist.
* * * LOW HITPOINT WARNING * * *
The orc priest calls down the wrath of Beogh upon you.
Beogh smites you!
* * * LOW HITPOINT WARNING * * *
Damage: 16 (max 16)
The orc wizard casts a spell at you. The puff of frost hits you!
* * * LOW HITPOINT WARNING * * *
Damage: 2 (max 16) Unknown command.
The orc wizard begins to cast a cantrip, but forgets the words!
The orc wizard points at you and mumbles some strange words.
The puff of frost hits you!
You die...

#)#.#..#.......#.#
.>#.#.)...._...^.##
#.#....#.......#..#
.......#.......#..#
.......##.....##..#
.......####.####..#
..................#
......#.##.#####..#
......#.# . ##@##
......#.# #..#
......#.# #o.#
......#.# #o##
......#.# ##.#
......#.# #.o#
##..### #.## #...#
.(# #...# .o##


You could see an orc wizard and 2 orcs.

Vanquished Creatures
  A hound (D:2)
  2 orc wizards (D:3)
  5 adders
  An ooze (D:1)
  A worm (D:2)
  A dart slug (D:2)
  3 leopard geckos
  2 orcs (D:3)
  A ball python (D:1)
  A giant cockroach (D:1)
  13 goblins
  7 hobgoblins
  2 jackals (D:2)
  A quokka (D:2)
  5 bats
  A frilled lizard (D:1)
  5 kobolds
  6 rats
58 creatures vanquished.

Notes
Turn   | Place    | Note
-------+----------+-------------------------------------------
     0 | D:1      | Gorice the Deep Elf Wanderer began the quest for the Orb.
     0 | D:1      | Gorice set off with: a +2 short sword, 2 scrolls of teleportation {!r}, a +0 robe, a ration
     0 | D:1      | Reached XP level 1. HP: 16/16 MP: 3/3
    87 | D:1      | Reached skill level 5 in Fighting
   245 | D:1      | Reached skill level 1 in Dodging
   288 | D:1      | Reached XP level 2. HP: 9/21 MP: 4/4
   893 | D:2      | Reached skill level 2 in Dodging
   900 | D:2      | Reached XP level 3. HP: 19/26 MP: 5/5
   955 | D:2      | HP: 7/26 [poisoned by an adder]
   960 | D:2      | HP: 6/26 [poisoned by an adder]
   967 | D:2      | HP: 4/26 [poisoned by an adder]
   975 | D:2      | HP: 3/26 [poisoned by an adder]
  1300 | D:2      | HP: 7/26 [hound (2)]
  1303 | D:2      | Reached skill level 3 in Dodging
  1303 | D:2      | Reached XP level 4. HP: 8/31 MP: 6/6
  1540 | D:2      | Found a burning altar of Makhleb.
  1640 | D:2      | Found a basalt altar of Yredelemnul.
  2667 | D:3      | Reached XP level 5. HP: 34/36 MP: 7/7
  2691 | D:3      | Reached skill level 4 in Dodging
  3102 | D:3      | Found a shadowy altar of Dithmenos.
  3179 | D:3      | Found a bloodstained altar of Trog.
  3388 | D:3      | HP: 4/36 [orc priest/divine providence (14)]
  3391 | D:3      | Killed from afar by an orc wizard

Vault maps used:
D:1:      co_arrival_square_in_a_square_in_a_square
D:2:      makhleb_heckhound_becter, yredelemnul_altar_generic, minivault_14
D:3:      nicolae_overflow_crystal_walls, old_standard_altar, first_ration

Skill      XL: |  1  2  3  4  5 |
---------------+----------------+-----
Fighting       | 5 |  5.9
Dodging        | 1 2 3 4 |  4.4
Short Blades   | |  2.0
Stealth        | |  1.2
Evocations     | |  1.1

Action                   |  1- 3 |  4- 6 || total
-------------------------+-------+-------++-------
Melee: Short sword       |    95 |    77 ||   172
 Fire: Hunting sling     |       |    55 ||    55
Throw: Stone             |     4 |     3 ||     7
  Use: Scroll            |     1 |     4 ||     5
  Eat: Chunk             |     1 |     7 ||     8
Armor: Ring mail         |    44 |    18 ||    62
Dodge: Dodged            |    66 |    40 ||   106

Table legend:
 A = Spawn XP
 B = Non-spawn XP
 C = Spawn XP percentage of total XP
 D = Spawn monster count
 E = Non-spawn monster count
 F = Spawn count percentage of total count
 G = Total turns spent on level
                    A         B        C        D         E        F      G
               +---------+---------+-------+---------+---------+-------+---------
         Total |       0 |     286 |   0.0 |       0 |      58 |   0.0 |  3391
               +---------+---------+-------+---------+---------+-------+---------
           D:1 |       0 |      30 |   0.0 |       0 |      15 |   0.0 |   965
           D:2 |       0 |     138 |   0.0 |       0 |      26 |   0.0 |  1686
           D:3 |       0 |     118 |   0.0 |       0 |      17 |   0.0 |   740
               +---------+---------+-------+---------+---------+-------+---------

Table legend:
 A = Turns spent in this place as a percentage of turns spent in the entire game.
 B = Non-inter-level travel turns spent in this place as a percentage of non-inter-level travel turns spent in the entire game.
 C = Inter-level travel turns spent in this place as a percentage of turns spent in this place.
 D = Turns resting spent in this place as a percentage of non-inter-level travel turns spent in this place.
 E = Turns spent auto-exploring this place as a percentage of non-inter-level travel turns spent in this place.
 F = Non-inter-level travel turns spent in this place divided by the number of levels of this place that you've seen.
                   A       B       C       D       E      F
               +-------+-------+-------+-------+-------+----------------------
         Total | 100.0 | 100.0 |   5.6 |  34.2 |  34.8 | 1067.3
       Dungeon | 100.0 | 100.0 |   5.6 |  34.2 |  34.8 | 1067.3
               +-------+-------+-------+-------+-------+----------------------

Vault maps used:
D:1:      co_arrival_square_in_a_square_in_a_square
D:2:      makhleb_heckhound_becter, yredelemnul_altar_generic, minivault_14
D:3:      nicolae_overflow_crystal_walls, old_standard_altar, first_ration
